 Dungeon Crawl Stone Soup version 0.29.1-2-gbd0b4ee654 (webtiles) character file.

Game seed: 7030590291088675906

2784 KittyFluff the Cruncher (level 9, -14/82 HPs)
             Began as a Gargoyle Berserker on Oct 27, 2022.
             Was an Elder of Trog.
             Killed from afar by a gargoyle (28 damage)
             ... with a stone arrow
             ... on level 7 of the Dungeon.
             The game lasted 00:31:45 (8078 turns).

KittyFluff the Cruncher (Gargoyle Berserker)        Turns: 8078, Time: 00:31:45

Health: -14/82     AC: 18    Str: 21    XL:     9   Next: 70%
Magic:  9/9        EV: 13    Int:  8    God:    Trog [****..]
Gold:   292        SH:  0    Dex: 13    Spells: 8/8 levels left

rFire   . . .      SeeInvis +   p - +0 quarterstaff
rCold   . . .      Faith    .   (shield currently unavailable)
rNeg    + . .      Spirit   .   A - +3 leather armour
rPois   ∞          Reflect  .   (no helmet)
rElec   +          Harm     .   (no cloak)
rCorr   .          Rampage  .   (no gloves)
Will    .....                   m - +0 pair of boots
Stlth   ..........              (no amulet)
HPRegen 0.23/turn               e - ring of see invisible
MPRegen 0.11/turn               o - +4 ring of protection

@: berserking (expiring), very quick
A: sickness immunity, AC +6, negative energy resistance 1, electricity
resistance, torment resistance 1, petrification resistance
a: Renounce Religion, Berserk, Trog's Hand, Brothers in Arms


You were on level 7 of the Dungeon.
You worshipped Trog.
Trog was greatly pleased with you.
You visited 1 branch of the dungeon, and saw 8 of its levels.

You collected 388 gold pieces.
You spent 96 gold pieces at shops.

Inventory:

Hand Weapons
 a - a +0 mace
 p - a +0 quarterstaff (weapon)
 z - a +0 morningstar
Missiles
 f - 12 poisoned darts (quivered)
 w - 3 throwing nets
Armour
 m - a +0 pair of boots (worn)
 u - a +1 ring mail of willpower
 A - a +3 leather armour (worn)
Jewellery
 e - a ring of see invisible (left hand)
 l - a ring of protection from fire
 o - a +4 ring of protection (right hand)
 r - an amulet of faith
Wands
 s - a wand of charming (14)
Scrolls
 c - 2 scrolls of enchant weapon {unknown}
 g - a scroll of teleportation {unknown}
 j - a scroll of poison {unknown}
 k - 3 scrolls of immolation
 n - a scroll of enchant armour {unknown}
 t - a scroll of silence {unknown}
 D - a scroll of fog {unknown}
Potions
 i - 3 potions of curing
 q - a potion of heal wounds
 v - 2 potions of haste
 x - a potion of invisibility
 B - a potion of flight
 C - a potion of might {unknown}


   Skills:
 + Level 6.2 Fighting
 + Level 4.0(7.4) Maces & Flails
 * Level 9.7(10.1) Staves
 + Level 0.1 Throwing
 + Level 3.4 Armour
 + Level 4.5 Dodging
 + Level 3.5 Stealth


You had 8 spell levels left.
You didn't know any spells.
Your spell library contained the following spells:

 Spells                   Type           Power      Damage    Failure   Level
 Ensorcelled Hibernation  Hex/Ice        0%         N/A       58%         2
 Passwall                 Tmut/Erth      0%         N/A       58%         2
 Swiftness                Air            0%         N/A       83%         3


Dungeon Overview and Level Annotations

Branches:
Dungeon (8/15)
 Temple: D:4-7         Lair: D:8-11

Altars:
Cheibriados
Dithmenos
Okawaru
Sif Muna
Xom

Shops:
D:3 (   D:6 :

Annotations:
D:4 2 transporters, angelusfrater's ghost, novice OpCj
D:6 1 runed translucent door


Innate Abilities, Weirdness & Mutations

You are immune to sickness and miasma.
Your stone body is resilient. (AC +6)
You are immune to poison.
You resist negative energy. (rN+)
You are resistant to electric shocks. (rElec)
You are resistant to unholy torment.
You are immune to petrification.


Message History

A yak comes into view.
The centaur begs for mercy.
You climb upwards.
The centaur unwields a +0 shortbow.
The centaur hits you but does no damage.
The centaur kicks you but does no damage.
The centaur closely misses you. The centaur barely misses you.
There is a stone staircase leading down here.
A red film seems to cover your vision as you go berserk!
You feel yourself moving faster!
You feel mighty!
The centaur hits you but does no damage.
The centaur kicks you but does no damage.
The centaur closely misses you. The centaur barely misses you.
You sock the centaur!
The centaur is severely wounded.
The centaur hits you but does no damage.
The centaur kicks you.
* * * LOW HITPOINT WARNING * * *
You closely miss the centaur.
The centaur is severely wounded.
The centaur completely misses you. x2
You barely miss the centaur.
The centaur is severely wounded.
The centaur hits you but does no damage.
The centaur closely misses you.
You sock the centaur!
You kill the centaur!
Trog accepts your kill.
The gargoyle hits you with a +0 morningstar!
* * * LOW HITPOINT WARNING * * *
You see here a +0 shortbow.
You hit the gargoyle.
The gargoyle is lightly damaged.
You thump the gargoyle!
The gargoyle is moderately damaged.
The gargoyle hits you but does no damage.
You barely miss the gargoyle.
The gargoyle is moderately damaged.
The gargoyle hurls a stone arrow at you.
The stone arrow hits you!!
You die...

##########
....os...####
............##
...###...##..#
### .#.#
#.#.###.# #.#
Y.c# #.YF###.#
#.# ###.
.###....# #>#
9#. #F#Y.# #@#
#.# #..9c# #9#
.#.#..###.#
#.### #.#
#F###>..#
.#..###.#.....#
#......#..##
#.#..###..#
#....# #..#
...###.# #..#


You could see a gargoyle.

Vanquished Creatures
  A cyclops (D:6)
  The ghost of plokij the Slasher, a novice MiFi (D:6)
  An ogre (D:4)
  3 black bears
  A phantom (D:5)
  2 centaurs
  3 scorpions (D:5)
  2 bullfrogs
  5 necrophages
  2 gnoll sergeants
  The ghost of xian the Vexing, a weakling DEAM of Makhleb (D:3)
  3 orc priests
  3 hounds
  A gnoll bouda (D:6)
  4 iguanas
  3 orc wizards (D:6)
  14 gnolls
  8 adders
  A shadow imp (D:6)
  An ufetubus (D:5)
  3 worms
  4 dart slugs
  15 orcs
  3 ball pythons
  8 bats
  4 endoplasms
  4 giant cockroaches
  4 goblins
  13 hobgoblins
  4 jackals (D:1)
  7 kobolds
  6 quokkas
  5 frilled lizards
  4 rats
144 creatures vanquished.

Notes
Turn   | Place    | Note
-------+----------+-------------------------------------------
     0 | D:1      | KittyFluff the Gargoyle Berserker began the quest for the
                  | Orb.
     0 | D:1      | Reached XP level 1. HP: 14/14 MP: 1/1
   158 | D:1      | Reached XP level 2. HP: 14/19 MP: 2/2
   728 | D:1      | Reached XP level 3. HP: 21/24 MP: 3/3
   739 | D:1      | Reached ** piety under Trog
  1511 | D:2      | Reached XP level 4. HP: 24/29 MP: 4/4
  2130 | D:3      | Reached skill level 1 in Stealth
  2418 | D:3      | Found Toatushra's Antique Weapon Boutique.
  2432 | D:3      | Bought a quarterstaff for 96 gold pieces
  2455 | D:3      | Found a runed translucent gate.
  2455 | D:3      | Found a runed translucent gate.
  2455 | D:3      | Found a runed translucent gate.
  2457 | D:3      | Noticed xian's ghost (weakling DEAM)
  2482 | D:3      | Killed xian's ghost
  2483 | D:3      | Reached XP level 5. HP: 33/33 MP: 5/5
  2563 | D:3      | Found a shadowy altar of Dithmenos.
  3064 | D:4      | Noticed an ogre
  3078 | D:4      | Killed an ogre
  3079 | D:4      | Reached skill level 1 in Staves
  3079 | D:4      | Reached XP level 6. HP: 39/39 MP: 6/6
  3157 | D:4      | Reached *** piety under Trog
  3169 | D:4      | Reached skill level 2 in Staves
  3202 | D:4      | Found a shimmering blue altar of Sif Muna.
  3534 | D:4      | Noticed a black bear
  3542 | D:4      | Killed a black bear
  3543 | D:4      | Reached skill level 3 in Staves
  3651 | D:4      | Found a transporter.
  3837 | D:4      | Noticed angelusfrater's ghost (novice OpCj)
  3842 | D:4      | Found a transporter.
  3966 | D:4      | Found an iron altar of Okawaru.
  4075 | D:4      | Found a shimmering altar of Xom.
  4215 | D:4      | Reached XP level 7. HP: 39/44 MP: 7/7
  4224 | D:4      | Found a snail-covered altar of Cheibriados.
  4703 | D:5      | Entered Level 5 of the Dungeon
  4725 | D:5      | Reached skill level 4 in Staves
  4774 | D:5      | Reached skill level 5 in Staves
  5225 | D:5      | Reached XP level 8. HP: 42/48 MP: 8/8
  5322 | D:5      | Reached skill level 6 in Staves
  5553 | D:5      | Reached skill level 5 in Fighting
  5898 | D:6      | Noticed a cyclops
  5964 | D:6      | Reached skill level 7 in Staves
  6315 | D:6      | Found a runed translucent door.
  6316 | D:6      | Noticed plokij's ghost (novice MiFi)
  6348 | D:6      | Found a runed translucent door.
  6429 | D:6      | HP: 1/73 [plokij's ghost (4)]
  6430 | D:6      | Killed plokij's ghost
  6431 | D:6      | Reached skill level 8 in Staves
  6431 | D:6      | Reached XP level 9. HP: 1/54 MP: 9/9
  6928 | D:6      | Reached **** piety under Trog
  7328 | D:6      | Reached skill level 9 in Staves
  7602 | D:6      | Found Wioroeng's Self-Improvement Boutique.
  7683 | D:6      | Killed a cyclops
  8029 | D:7      | Noticed a gargoyle
  8078 | D:7      | Killed from afar by a gargoyle

Illustrated notes

Levels and vault maps discovered:
D:1:      minmay_arrival_five_plusses, layout_rooms, minivault_23,
          hangedman_decor_riveting, serial_bayou_crossing
D:2:      layout_rooms, columned_hall_lemuel,
          nicolae_concentric_dashed_squares_mild
D:3:      layout_loops_corners, grunt_dithmenos_smoke_and_mirrors, serial_shops,
          shop, ebering_ghost_rock_garden
D:4:      layout_loops_ring, lemuel_blue_sif_altar, kennysheep_okawaru_gauntlet,
          mainiacjoe_overflow_two_lobes, gammafunk_ghost_mausoleum
D:5:      layout_loops_ring, serial_glass, glass_columns_a, glass_columns_b,
          due_unseen_surprise, feat_on_display, item_on_display_a,
          item_on_display_a, chequers_serial_rivers_micro_a, kennysheep_dice
D:6:      layout_rooms, ebering_ghost_sewer_f, corexii_leaking_fountain,
          nicolae_shop_self_help
D:7:      layout_rooms, grunt_temple_overflow_order_and_chaos_2,
          mainiacjoe_overflow_catwalk_spiral,
          minmay_temple_entry_statues_fountains, minmay_starry_boxes
D:8:      layout_loops_ring

Skill      XL: |  1  2  3  4  5  6  7  8  9 |
---------------+----------------------------+-----
Dodging        | 2 3 4 |  4.5
Armour         | 3 |  3.4
Fighting       | 4 5 6 |  6.2
Stealth        | 1 2 3 |  3.5
Maces & Flails | 4 |  4.0
Staves         | 1 3 5 8 9 |  9.7
Throwing       | |  0.1

Action                   |  1- 3 |  4- 6 |  7- 9 || total
-------------------------+-------+-------+-------++-------
Melee: Mace              |   139 |    48 |       ||   187
       Punch             |     1 |     1 |       ||     2
       Quarterstaff      |       |   111 |   322 ||   433
Throw: Dart              |     2 |       |       ||     2
Invok: Berserk           |       |     3 |     7 ||    10
  Use: Scroll            |       |     2 |     8 ||    10
       Potion            |       |       |     1 ||     1
 Stab: Sleeping          |       |     4 |     1 ||     5
Armor: Animal skin       |    61 |    65 |   144 ||   270
       Leather armour    |       |       |    50 ||    50
Dodge: Dodged            |   130 |    93 |   255 ||   478
